| TOP OF THE 1ST |
|
Nassau Black Sails batting - Pitching for Panama City Capitales : RHP Richard Renwick
|
|
Pitching: RHP Richard Renwick
|
|
|
Batting: RHB Randolph Ebersberger
|
0-0: Swinging Strike 0-1: Ball 1-1: Swinging Strike 1-2: Foul Ball, location: 2F 1-2: Strikes out swinging
|
|
Batting: RHB Heri Ramirez
|
0-0: Ball 1-0: Ground out 6-3 (Groundball, 6, EV 90.0 MPH)
|
|
Batting: RHB Cecil Fielder
|
0-0: Called Strike 0-1: Fly out, F8 (Flyball, 8LS, EV 85.0 MPH)
|
| Top of the 1st over - 0 runs, 0 hits, 0 errors, 0 left on base; Nassau 0 - Panama City 0 |
| BOTTOM OF THE 1ST |
|
Panama City Capitales batting - Pitching for Nassau Black Sails : LHP Mark Langston
|
|
Pitching: LHP Mark Langston
|
|
|
Batting: LHB George Kaage
|
0-0: Ball 1-0: Foul Ball, location: 2F 1-1: Ball 2-1: Ground out 5-3 (Groundball, 15, EV 83.1 MPH)
|
|
Batting: SHB Stan Javier
|
0-0: Ball 1-0: SINGLE (Line Drive, 34D, EV 94.4 MPH)
|
|
Batting: RHB David Hall
|
0-0: Ball 1-0: Ball 2-0: Foul Ball, location: 2F 2-1: Fly out, F6 (Line Drive, 6, EV 68.8 MPH)
|
|
Batting: RHB Rod Allen
|
0-0: Ball 1-0: Swinging Strike 1-1: Called Strike 1-2: Foul Ball, location: 2F 1-2: Strikes out looking
|
| Bottom of the 1st over - 0 runs, 1 hit, 0 errors, 1 left on base; Nassau 0 - Panama City 0 |
| TOP OF THE 2ND |
|
Nassau Black Sails batting - Pitching for Panama City Capitales : RHP Richard Renwick
|
|
Batting: LHB Sam Horn
|
0-0: Called Strike 0-1: Ball 1-1: Fly out, F6 (Popup, 6M, EV 73.1 MPH)
|
|
Batting: RHB Steve Springer
|
0-0: Called Strike 0-1: Ball 1-1: Called Strike 1-2: Strikes out swinging
|
|
Batting: LHB John Weller
|
0-0: Called Strike 0-1: Foul Ball, location: 2F 0-2: Strikes out swinging
|
| Top of the 2nd over - 0 runs, 0 hits, 0 errors, 0 left on base; Nassau 0 - Panama City 0 |
| BOTTOM OF THE 2ND |
|
Panama City Capitales batting - Pitching for Nassau Black Sails : LHP Mark Langston
|
|
Batting: LHB Jordan Medrano
|
0-0: Ball 1-0: Ball 2-0: Swinging Strike 2-1: Swinging Strike 2-2: Ball 3-2: Foul Ball, location: 2F 3-2: Base on Balls
|
|
Batting: RHB Pedro Guerrero
|
0-0: Called Strike 0-1: Called Strike 0-2: Ball 1-2: Strikes out swinging
|
|
Batting: RHB Armando Moreno
|
0-0: Called Strike 0-1: Grounds into double play, 6-4-3 (Groundball, 6, EV 81.9 MPH)
|
| Bottom of the 2nd over - 0 runs, 0 hits, 0 errors, 0 left on base; Nassau 0 - Panama City 0 |
| TOP OF THE 3RD |
|
Nassau Black Sails batting - Pitching for Panama City Capitales : RHP Richard Renwick
|
|
Batting: RHB Joe Redfield
|
0-0: Ball 1-0: Ball 2-0: Foul Ball, location: 2F 2-1: Ball 3-1: SINGLE (Groundball, 56S, EV 66.3 MPH) (infield hit)
|
|
Batting: RHB Venoy Garrison
|
0-0: Ball 1-0: Ball 2-0: Ball 3-0: Called Strike 3-1: SINGLE (Groundball, 5L, EV 97.5 MPH) Joe Redfield to second
|
|
Batting: RHB George Dierberger
|
0-0: Hit by Pitch Joe Redfield to third Venoy Garrison to second
|
|
Batting: RHB Randolph Ebersberger
|
0-0: Called Strike 0-1: Called Strike 0-2: Ball 1-2: Ball 2-2: Ball 3-2: Foul Ball, location: 2F 3-2: Fielders Choice at 2nd, 3-6 (Groundball, 34, EV 85.6 MPH) Joe Redfield scores Venoy Garrison to third
|
|
Batting: RHB Heri Ramirez
|
0-0: Fielders Choice at 2nd, 4-6 (Groundball, 34, EV 90.6 MPH) Venoy Garrison scores
|
|
Batting: RHB Cecil Fielder
|
0-0: Ball Heri Ramirez is caught stealing 2nd base 2-4
|
| Top of the 3rd over - 2 runs, 2 hits, 0 errors, 0 left on base; Nassau 2 - Panama City 0 |
| BOTTOM OF THE 3RD |
|
Panama City Capitales batting - Pitching for Nassau Black Sails : LHP Mark Langston
|
|
Batting: LHB Jessie Reid
|
0-0: Ball 1-0: SINGLE (Line Drive, 8LS, EV 101.9 MPH)
|
|
Batting: SHB Mark Bailey
|
0-0: Swinging Strike 0-1: Ball 1-1: Called Strike 1-2: Ball 2-2: Foul Ball, location: 2F 2-2: Fly out, F9 (Flyball, 9LM, EV 99.4 MPH) Runner from 1st tags up, SAFE at 2nd
|
|
Batting: LHB George Kaage
|
0-0: Called Strike 0-1: Ball 1-1: Ball 2-1: Ground out 4-3 (Groundball, 4MS, EV 82.5 MPH) Jessie Reid to third
|
|
Batting: SHB Stan Javier
|
0-0: Ball 1-0: Ball 2-0: Called Strike 2-1: SINGLE (Line Drive, 5L, EV 98.1 MPH) Jessie Reid scores
|
|
Batting: RHB David Hall
|
0-0: SINGLE (Flyball, 4D, EV 86.9 MPH) Stan Javier to second Runner from 2nd tries for 3rd, SAFE, throw by CF made to third
|
|
Batting: RHB Rod Allen
|
0-0: Called Strike 0-1: Ball 1-1: Called Strike 1-2: Strikes out swinging
|
| Bottom of the 3rd over - 1 run, 3 hits, 0 errors, 2 left on base; Nassau 2 - Panama City 1 |
| TOP OF THE 4TH |
|
Nassau Black Sails batting - Pitching for Panama City Capitales : RHP Richard Renwick
|
|
Batting: RHB Cecil Fielder
|
0-0: Ball 1-0: Foul Ball, location: 2F 1-1: Ball 2-1: Foul Ball, location: 2F 2-2: Foul Ball, location: 2F 2-2: Foul Ball, location: 2F 2-2: SINGLE (Groundball, 6MD, EV 94.4 MPH)
|
|
Batting: LHB Sam Horn
|
0-0: Ball 1-0: Grounds into double play, 5-4-3 (Groundball, 5, EV 102.5 MPH)
|
|
Batting: RHB Steve Springer
|
0-0: Foul Ball, location: 2F 0-1: Called Strike 0-2: Ball 1-2: DOUBLE (Line Drive, 78D, EV 101.9 MPH)
|
|
Batting: LHB John Weller
|
0-0: Ball 1-0: Called Strike 1-1: Ball 2-1: Foul Ball, location: 2F 2-2: Ball 3-2: Fly out, F7 (Flyball, 7LM, EV 99.4 MPH)
|
| Top of the 4th over - 0 runs, 2 hits, 0 errors, 1 left on base; Nassau 2 - Panama City 1 |
| BOTTOM OF THE 4TH |
|
Panama City Capitales batting - Pitching for Nassau Black Sails : LHP Mark Langston
|
|
Batting: LHB Jordan Medrano
|
0-0: Swinging Strike 0-1: Foul Ball, location: 2F 0-2: Ball 1-2: Ball 2-2: DOUBLE (Line Drive, 78XD, EV 110.0 MPH)
|
|
Batting: RHB Pedro Guerrero
|
0-0: Ball 1-0: Ball 2-0: Ball 3-0: Ground out 5-3 (Groundball, 56S, EV 85.0 MPH)
|
|
Batting: RHB Armando Moreno
|
0-0: Ball 1-0: Called Strike 1-1: Called Strike 1-2: Ball 2-2: Foul Ball, location: 2F 2-2: Ground out 6-3 (Groundball, 6, EV 83.8 MPH)
|
|
Batting: LHB Jessie Reid
|
0-0: Ball 1-0: Foul Ball, location: 2F 1-1: Foul Ball, location: 2F 1-2: Ball 2-2: Foul Ball, location: 2F 2-2: Strikes out swinging
|
| Bottom of the 4th over - 0 runs, 1 hit, 0 errors, 1 left on base; Nassau 2 - Panama City 1 |
| TOP OF THE 5TH |
|
Nassau Black Sails batting - Pitching for Panama City Capitales : RHP Richard Renwick
|
|
Batting: RHB Joe Redfield
|
0-0: Called Strike 0-1: Ground out 6-3 (Groundball, 6, EV 102.5 MPH)
|
|
Batting: RHB Venoy Garrison
|
0-0: Ball 1-0: Ball 2-0: Called Strike 2-1: Fly out, F9 (Flyball, 9LM, EV 89.4 MPH)
|
|
Batting: RHB George Dierberger
|
0-0: SINGLE (Groundball, 56S, EV 98.1 MPH)
|
|
Batting: RHB Randolph Ebersberger
|
0-0: Ball 1-0: Ball 2-0: Foul Ball, location: 2F 2-1: Called Strike 2-2: Ball 3-2: Fly out, F6 (Popup, 5DF, EV 46.3 MPH)
|
| Top of the 5th over - 0 runs, 1 hit, 0 errors, 1 left on base; Nassau 2 - Panama City 1 |
| BOTTOM OF THE 5TH |
|
Panama City Capitales batting - Pitching for Nassau Black Sails : LHP Mark Langston
|
|
Batting: SHB Mark Bailey
|
0-0: Swinging Strike 0-1: Bunt missed! 0-2: Ball 1-2: Strikes out swinging
|
|
Batting: LHB George Kaage
|
0-0: Ball 1-0: Ball 2-0: Ball 3-0: Called Strike 3-1: Base on Balls
|
|
Batting: SHB Stan Javier
|
0-0: Ball 1-0: Foul Ball, location: 2F 1-1: Called Strike 1-2: Ball 2-2: Fly out, F8 (Flyball, 78D, EV 85.0 MPH)
|
|
Batting: RHB David Hall
|
0-0: Ball 1-0: Ground out 4-3 (Groundball, 34, EV 76.3 MPH)
|
| Bottom of the 5th over - 0 runs, 0 hits, 0 errors, 1 left on base; Nassau 2 - Panama City 1 |
| TOP OF THE 6TH |
|
Nassau Black Sails batting - Pitching for Panama City Capitales : RHP Richard Renwick
|
|
Batting: RHB Heri Ramirez
|
0-0: Ball 1-0: Ball 2-0: Called Strike 2-1: Reached on error, E5 (Groundball, 56, EV 82.5 MPH)
|
|
Batting: RHB Cecil Fielder
|
0-0: Ball Balk! Heri Ramirez to third 1-0: Foul Ball, location: 2F 1-1: Ground out 4-3 (Groundball, 4, EV 88.1 MPH)
|
|
Batting: LHB Sam Horn
|
0-0: Ball 1-0: Foul Ball, location: 2F 1-1: Ground out 4-3 (Groundball, 4, EV 85.0 MPH)
|
|
Batting: RHB Steve Springer
|
0-0: Called Strike 0-1: Foul Ball, location: 2F 0-2: Ball 1-2: Ball 2-2: Foul Ball, location: 2F 2-2: Ball 3-2: Strikes out swinging
|
| Top of the 6th over - 0 runs, 0 hits, 1 error, 1 left on base; Nassau 2 - Panama City 1 |
| BOTTOM OF THE 6TH |
|
Panama City Capitales batting - Pitching for Nassau Black Sails : LHP Mark Langston
|
|
Batting: RHB Rod Allen
|
0-0: Swinging Strike 0-1: Ball 1-1: Called Strike 1-2: Strikes out swinging
|
|
Batting: LHB Jordan Medrano
|
0-0: Ball 1-0: Ball 2-0: Ground out 4-3 (Groundball, 4, EV 103.8 MPH)
|
|
Batting: RHB Pedro Guerrero
|
0-0: Swinging Strike 0-1: Ball 1-1: SINGLE (Line Drive, 78S, EV 108.1 MPH)
|
|
Batting: RHB Armando Moreno
|
0-0: Swinging Strike 0-1: Ball 1-1: Called Strike 1-2: Fly out, F8 (Flyball, 8LXD, EV 91.3 MPH)
|
| Bottom of the 6th over - 0 runs, 1 hit, 0 errors, 1 left on base; Nassau 2 - Panama City 1 |
| TOP OF THE 7TH |
|
Nassau Black Sails batting - Pitching for Panama City Capitales : RHP Richard Renwick
|
|
Batting: LHB John Weller
|
0-0: Called Strike 0-1: Ball 1-1: Called Strike 1-2: Strikes out swinging
|
|
Batting: RHB Joe Redfield
|
0-0: Ball 1-0: Foul Ball, location: 2F 1-1: Swinging Strike 1-2: Ball 2-2: Ball 3-2: Base on Balls
|
|
Batting: RHB Venoy Garrison
|
0-0: Called Strike 0-1: Ball 1-1: Ball 2-1: Fly out, F5 (Popup, 56, EV 65.0 MPH)
|
|
Batting: RHB George Dierberger
|
0-0: Ball 1-0: Foul Ball, location: 2F 1-1: Ball 2-1: Foul Ball, location: 2F 2-2: Foul Ball, location: 2F 2-2: Foul Ball, location: 2F 2-2: Ball 3-2: Fly out, F7 (Flyball, 78D, EV 85.6 MPH)
|
| Top of the 7th over - 0 runs, 0 hits, 0 errors, 1 left on base; Nassau 2 - Panama City 1 |
| BOTTOM OF THE 7TH |
|
Panama City Capitales batting - Pitching for Nassau Black Sails : LHP Mark Langston
|
|
Batting: LHB Jessie Reid
|
0-0: Fly out, F7 (Flyball, 7LM, EV 93.8 MPH)
|
|
Batting: SHB Mark Bailey
|
0-0: Ball 1-0: Called Strike 1-1: Foul Ball, location: 2F 1-2: Ball 2-2: Strikes out looking
|
|
Batting: LHB George Kaage
|
0-0: Foul Ball, location: 2F 0-1: Ground out 6-3 (Groundball, 6, EV 105.6 MPH)
|
| Bottom of the 7th over - 0 runs, 0 hits, 0 errors, 0 left on base; Nassau 2 - Panama City 1 |
| TOP OF THE 8TH |
|
Nassau Black Sails batting - Pitching for Panama City Capitales : RHP Richard Renwick
|
|
Pitching: LHP Jose Paz
|
|
|
Batting: RHB Randolph Ebersberger
|
0-0: Called Strike 0-1: Ball 1-1: Ground out 4-3 (Groundball, 4S, EV 78.8 MPH)
|
|
Batting: RHB Heri Ramirez
|
0-0: Swinging Strike 0-1: Ball 1-1: Foul Ball, location: 2F 1-2: Strikes out looking
|
|
Batting: RHB Cecil Fielder
|
0-0: SINGLE (Groundball, 3D, EV 99.4 MPH)
|
|
Batting: LHB Sam Horn
|
0-0: Ball 1-0: Swinging Strike 1-1: Swinging Strike 1-2: Strikes out swinging
|
| Top of the 8th over - 0 runs, 1 hit, 0 errors, 1 left on base; Nassau 2 - Panama City 1 |
| BOTTOM OF THE 8TH |
|
Panama City Capitales batting - Pitching for Nassau Black Sails : LHP Mark Langston
|
|
Batting: SHB Stan Javier
|
0-0: Fly out, F9 (Flyball, 9LM, EV 81.9 MPH)
|
|
Batting: RHB David Hall
|
0-0: Called Strike 0-1: Fly out, F2 (Popup, 23F, EV 80.6 MPH)
|
|
Batting: RHB Rod Allen
|
0-0: Ball 1-0: Fly out, F7 (Flyball, 7, EV 89.4 MPH)
|
| Bottom of the 8th over - 0 runs, 0 hits, 0 errors, 0 left on base; Nassau 2 - Panama City 1 |
| TOP OF THE 9TH |
|
Nassau Black Sails batting - Pitching for Panama City Capitales : LHP Jose Paz
|
|
Batting: RHB Steve Springer
|
0-0: Ball 1-0: Called Strike 1-1: Ball 2-1: Swinging Strike 2-2: Strikes out looking
|
|
Batting: LHB John Weller
|
0-0: Ball 1-0: Ball 2-0: Called Strike 2-1: Ball 3-1: Base on Balls
|
|
Batting: RHB Joe Redfield
|
0-0: Called Strike John Weller steals 2nd base 0-1: Called Strike 0-2: Ball 1-2: Foul Ball, location: 2F 1-2: Strikes out swinging
|
|
Batting: RHB Venoy Garrison
|
0-0: Called Strike 0-1: Called Strike 0-2: Ball 1-2: Foul Ball, location: 2F 1-2: Strikes out swinging
|
| Top of the 9th over - 0 runs, 0 hits, 0 errors, 1 left on base; Nassau 2 - Panama City 1 |
| BOTTOM OF THE 9TH |
|
Panama City Capitales batting - Pitching for Nassau Black Sails : LHP Mark Langston
|
|
Pitching: RHP Kevin Kobel
|
|
|
Pinch Hitting: LHB Preston Cash
|
0-0: Called Strike 0-1: Swinging Strike 0-2: Ball 1-2: Ball 2-2: Foul Ball, location: 2F 2-2: Foul Ball, location: 2F 2-2: Foul Ball, location: 2F 2-2: Ground out 6-3 (Groundball, 6S, EV 71.3 MPH)
|
|
Batting: RHB Pedro Guerrero
|
0-0: Ball 1-0: Ball 2-0: Fly out, F8 (Flyball, 8RS, EV 80.0 MPH)
|
|
Pinch Hitting: LHB Fernando Vazquez
|
0-0: Ball 1-0: Ball 2-0: Swinging Strike 2-1: Ball 3-1: Base on Balls
|
|
Batting: LHB Jessie Reid
|
0-0: Ball 1-0: Foul Ball, location: 2F 1-1: Called Strike 1-2: SINGLE (Groundball, 4D, EV 100.0 MPH) Fernando Vazquez to second Runner from 2nd tries for 3rd, SAFE, no throw by CF
|
|
Batting: SHB Mark Bailey
|
0-0: Ball 1-0: Ball 2-0: Ball 3-0: Called Strike 3-1: Base on Balls Jessie Reid to second
|
|
Batting: LHB George Kaage
|
0-0: Ball 1-0: Ball 2-0: Called Strike 2-1: Ball 3-1: Base on Balls Fernando Vazquez scores Jessie Reid to third Mark Bailey to second
|
|
Batting: SHB Stan Javier
|
0-0: Ball 1-0: Ball 2-0: Ball 3-0: Base on Balls Jessie Reid scores Mark Bailey to third George Kaage to second
|
| Bottom of the 9th over - 2 runs, 1 hit, 0 errors, 0 left on base; Nassau 2 - Panama City 3 |
|